 Dungeon Crawl Stone Soup version 0.20.1-1-g8b1a95d (console) character file.

830 hilaritas the Carver (level 7, -3/52 HPs)
             Began as a Barachi Fighter on Nov 5, 2017.
             Was a Follower of Okawaru.
             Succumbed to an orc wizard's poison
             ... on level 5 of the Dungeon.
             The game lasted 00:11:33 (4407 turns).

hilaritas the Carver (Barachi Fighter)              Turns: 4407, Time: 00:11:33

Health: -3/52      AC: 17    Str: 19    XL:     7   Next: 97%
Magic:  8/8        EV:  3    Int:  9    God:    Okawaru [*.....]
Gold:   178        SH: 10    Dex: 11    Spells: 6/6 levels left

rFire    . . .     SeeInvis .   a - +1 long sword
rCold    . . .     Gourm    .   c - +0 shield
rNeg     . . .     Faith    .   s - +0 plate armour
rPois    .         Spirit   .   t - +0 helmet
rElec    .         Reflect  .   h - +0 cloak
rCorr    .         Harm     .   b - +2 pair of gloves
MR       .....                  (no boots)
Stlth    ..........             (no amulet)
Regen    0.2/turn               (no ring)
MPRegen  0.2/turn               (no ring)

@: lethally poisoned (-3 -> -40), slow
A: +LOS, swims, slowness 1, strong legs 1
a: Hop, Heroism, Renounce Religion


You were on level 5 of the Dungeon.
You worshipped Okawaru.
Okawaru was aware of your devotion.
You were not hungry.

You visited 2 branches of the dungeon, and saw 6 of its levels.

You collected 178 gold pieces.

Inventory:

Hand Weapons
 a - a +1 long sword (weapon)
 k - a +0 short sword
 o - a +0 long sword
Missiles
 w - 5 tomahawks (quivered)
Armour
 b - a +2 pair of gloves (worn)
 c - a +0 shield (worn)
 h - a +0 cloak (worn)
 s - a +0 plate armour (worn)
 t - a +0 helmet (worn)
Jewellery
 m - an uncursed ring of stealth
Wands
 j - a wand of iceblast (5/15)
 r - a wand of enslavement (10/24)
 u - a wand of random effects (40/48)
Scrolls
 i - 3 scrolls of teleportation
 q - 2 scrolls of identify
 x - 2 scrolls of amnesia
Potions
 d - a potion of might
 e - a potion of mutation {unknown}
 g - 2 potions of haste
 v - 3 potions of heal wounds {unknown}
 z - a potion of curing {unknown}
Comestibles
 f - 4 bread rations
 l - 4 fruits
 n - a royal jelly


   Skills:
 - Level 3.6 Fighting
 * Level 9.4 Long Blades
 - Level 3.6 Armour
 + Level 5.2 Shields
 * Level 1.3 Invocations


You had 6 spell levels left.
You didn't know any spells.

Dungeon Overview and Level Annotations

Branches:
Dungeon (5/15)             Temple (1/1) D:4

Altars:
Cheibriados
Elyvilon
Fedhas
Kikubaaqudgha
Makhleb
Okawaru
Qazlal
Sif Muna
Trog
Vehumet
Xom
Yredelemnul
Zin
The Shining One

Shops:
D:4 [

Annotations:
D:5 Prince Ribbit


Innate Abilities, Weirdness & Mutations

Shadows flee at your approach. (+LOS)
You can swim through water.
You cover ground slowly.
You can hop short distances.


Message History

You feel very sick. The orc hits you but does no damage.
You block the orc's attack. Something hits you but does no damage.
You are more poisoned.
Your shield and plate armour prevent you from hitting something.
* * * LOW HITPOINT WARNING * * *
You feel very sick.
The orc hits you but does no damage. x2; Something hits you but does no damage.
You are more poisoned.
* * * LOW HITPOINT WARNING * * *
You feel very sick. The orc hits you but does no damage.
* * * LOW HITPOINT WARNING * * *
You feel very sick.
You hear some strange, mumbled words.
Something tries to affect you, but you resist.
* * * LOW HITPOINT WARNING * * *
You feel very sick.
You see here a leather armour.
You die...

....(..## #...# ####.#####
#####...#
#####...#####........
#####.#.###...........#.....#
......)..((((...............##
##..#.#.###...........#......#
. ......#.#
#####...#####......##.#
#.......# #...# ###.......#
#.####### #...# ####.#### #.#
#...# #...# #. ##.## # #.#.###
.. #@# #...#...# ## #[#
##.#####.#
###.#####......#....
#######.oo.....).# #.#.###
.........#.......###.>.#
##..###..#............## #
#..........[.#.##.#
.(..#..........#.##.#
#....#.(.............#
...###%..........#.##.# ..
#....#####.......##


You could see 2 orcs.

Vanquished Creatures
  A sky beast (D:5)
  A phantom (D:5)
  A centaur (D:5)
  The ghost of markt42 the Covered, an amateur GrFi (D:3)
  A scorpion (D:4)
  2 hounds (D:4)
  An orc wizard (D:4)
  2 centaur skeletons (D:4)
  Jessica (D:4)
  Ijyb (D:3)
  Terence (D:3)
  A worker ant (D:3)
  A hound skeleton (D:5)
  8 adders
  A shadow imp (D:5)
  2 oozes
  3 worms
  3 leopard geckos
  10 orcs
  4 ball pythons
  7 giant cockroaches
  A goblin (D:1)
  7 hobgoblins
  4 jackals (D:4)
  4 quokkas
  5 bats
  5 frilled lizards
  2 jackal skeletons
  8 kobolds
  A quokka skeleton (D:4)
  A quokka zombie (D:5)
  10 rats
101 creatures vanquished.

Notes
Turn   | Place    | Note
-------+----------+-------------------------------------------
     0 | D:1      | hilaritas the Barachi Fighter began the quest for the Orb.
     0 | D:1      | Reached XP level 1. HP: 18/18 MP: 1/1
   136 | D:1      | Reached skill level 3 in Long Blades
   136 | D:1      | Reached XP level 2. HP: 23/24 MP: 2/2
   553 | D:2      | Reached XP level 3. HP: 29/29 MP: 3/3
   730 | D:2      | Found a faded altar of an unknown god.
   809 | D:2      | Reached skill level 4 in Long Blades
  1223 | D:2      | Reached XP level 4. HP: 21/36 MP: 4/4
  1409 | D:3      | Noticed markt42's ghost (amateur GrFi)
  1433 | D:3      | Killed markt42's ghost
  1433 | D:3      | Reached skill level 5 in Long Blades
  1433 | D:3      | Reached XP level 5. HP: 10/41 MP: 5/5
  1688 | D:3      | Noticed Ijyb
  1714 | D:3      | Killed Ijyb
  1863 | D:3      | Reached skill level 6 in Long Blades
  1961 | D:3      | Noticed Terence
  1977 | D:3      | Killed Terence
  2182 | D:3      | Reached XP level 6. HP: 47/47 MP: 6/6
  2424 | D:3      | Reached skill level 7 in Long Blades
  2636 | D:4      | Noticed Jessica
  2646 | D:4      | Found a deep blue altar of Sif Muna.
  2673 | D:4      | Killed Jessica
  2811 | D:4      | Found a radiant altar of Vehumet.
  2827 | D:4      | Found Yxzepteck's Antique Armour Shop.
  3071 | D:4      | Reached skill level 8 in Long Blades
  3071 | D:4      | Reached XP level 7. HP: 51/52 MP: 7/7
  3116 | D:4      | Found a stormy altar of Qazlal.
  3243 | D:4      | Found a staircase to the Ecumenical Temple.
  3257 | Temple   | Entered the Ecumenical Temple
  3282 | Temple   | Became a worshipper of Warmaster Okawaru
  3598 | D:5      | Entered Level 5 of the Dungeon
  3656 | D:5      | Noticed Prince Ribbit
  4067 | D:5      | Reached skill level 9 in Long Blades
  4067 | D:5      | Reached skill level 5 in Shields
  4067 | D:5      | Reached skill level 1 in Invocations
  4235 | D:5      | Reached * piety under Okawaru
  4406 | D:5      | HP: 1/52 [poisoned by an orc wizard]
  4407 | D:5      | Succumbed to an orc wizard's poison

Skill      XL: |  1  2  3  4  5  6  7 |
---------------+----------------------+-----
Long Blades    | 3 4 5 6 8 9 |  9.4
Shields        | 4 5 |  5.2
Invocations    | 1 |  1.3
Fighting       | |  3.6
Armour         | |  3.6

Action                   |  1- 3 |  4- 6 |  7- 9 || total
-------------------------+-------+-------+-------++-------
Melee: Long sword        |   115 |   272 |   150 ||   537
  Use: Potion            |       |     1 |       ||     1
       Scroll            |       |     9 |     1 ||    10
  Eat: Chunk             |     2 |     7 |     5 ||    14
Armor: Scale mail        |    54 |       |       ||    54
       Plate armour      |    12 |   158 |    79 ||   249
Dodge: Dodged            |    32 |    33 |    15 ||    80
Block: Shield            |    56 |   133 |    54 ||   243
       Rpst.: Long sword |    12 |     8 |     3 ||    23
